AoeStats
← AxingQuestions

African Clearing

504371417Analyzed
4v4 RM · 27d ago on Sep 5, 2026· 92m 29s· 8 players
Game mode
Random Map
Map size
Large (8 player)
Population
200
Speed
Normal
Resources
Standard
Victory
Conquest
Starting age
Dark Age
Ending age
Imperial Age
RankedLock teamsTeams togetherTeam positionsShared explorationLock speedFull tech treeHidden civsTurbo modeCheats
Victory
Defeat
🇺🇸 Hindustanis · United States
1326
+17
🇺🇸 Sicilians · United States
1257
+19
🇺🇸 Bengalis · United States
1195
+22
🇺🇸 Celts · United States
1141
+23
🇻🇳 Vietnamese · Vietnam
1407
-23
🇹🇼 Magyars · Taiwan
1345
-21
1307
-20
🇨🇳 Mongols · China
1253
-17
double barrack mountain king
12:57 Feudal Age
13:05 Loom
17:39 Double-Bit Axe
17:34 Horse Collar
24:15 Castle Age
23:08 Fletching
23:53 Fishing Lines
24:21 Padded Archer Armor
24:18 Gold Mining
24:20 Stone Mining
25:03 Bodkin Arrow
26:34 Bow Saw
27:31 Gillnets
30:09 Ballistics
33:36 Imperial Age
34:24 Gold Shaft Mining
34:24 Stone Shaft Mining
34:13 Leather Archer Armor
34:33 Bracer
35:00 Conscription
35:27 Fervor
36:50 Scale Mail Armor
37:49 Horse Collar
37:41 Elite Guecha Warrior
38:52 Squires
39:49 Elite Temple Guard
41:45 Chain Mail Armor
43:30 Plate Mail Armor
43:23 Heavy Plow
44:25 Two-Man Saw
48:16 Chemistry
52:10 Crop Rotation
53:23 Forging
54:50 Wheelbarrow
TigerBitePig
4:59 Loom
13:04 Feudal Age
13:44 Double-Bit Axe
14:55 Scale Barding Armor
30:19 Castle Age
30:33 Light Cavalry
32:59 Bloodlines
37:32 Wheelbarrow
51:19 Chain Barding Armor
54:57 Imperial Age
53:44 Fletching
58:06 Treadmill Crane
60:11 Padded Archer Armor
67:39 Bow Saw
73:59 Horse Collar
74:56 Heavy Plow
75:16 Gold Mining
78:21 Bodkin Arrow
用爱感化队友
11:52 Loom
13:38 Feudal Age
18:29 Castle Age
16:34 Double-Bit Axe
17:49 Fletching
19:44 Bodkin Arrow
22:09 Husbandry
26:12 Ballistics
30:38 Wheelbarrow
30:54 Town Watch
32:37 Bloodlines
33:30 Gold Mining
33:30 Stone Mining
38:59 Stone Shaft Mining
39:00 Gold Shaft Mining
38:49 Hand Cart
40:29 Horse Collar
41:54 Nomads
44:46 Imperial Age
45:55 Conscription
49:18 Chemistry
50:23 Bow Saw
56:38 Elite Mangudai
57:34 Bracer
60:52 Heavy Plow
60:38 Capped Ram
61:41 Drill
61:57 Siege Ram
64:09 Heavy Camel Rider
64:18 Onager
67:39 Siege Onager
67:50 Light Cavalry
68:36 Padded Archer Armor
68:41 Scale Barding Armor
68:47 Forging
70:38 Leather Archer Armor
70:46 Chain Barding Armor
73:17 Coinage
72:47 Caravan
74:50 Forging
76:25 Sappers
79:23 Hussar
82:28 Iron Casting
87:22 Blast Furnace
This is Kawaii
6:47 Loom
14:14 Feudal Age
15:34 Double-Bit Axe
18:12 Castle Age
17:53 Scale Mail Armor
19:03 Squires
28:08 Wheelbarrow
30:15 Bow Saw
30:00 Horse Collar
30:30 Fletching
31:26 Fishing Lines
33:02 Ballistics
33:15 Bodkin Arrow
40:50 Imperial Age
38:53 Padded Archer Armor
39:11 Gold Mining
39:12 Stone Mining
39:43 Heavy Plow
40:56 Scale Barding Armor
41:42 Chain Mail Armor
41:45 Leather Archer Armor
41:33 Bracer
42:44 Chemistry
42:11 Bloodlines
42:02 Husbandry
42:56 Chain Barding Armor
43:08 Ring Archer Armor
44:10 Elite Rattan Archer
45:11 Chatras
46:17 Plate Barding Armor
45:53 Forging
46:36 Thumb Ring
47:41 Iron Casting
47:28 Paper Money
47:44 Elite Battle Elephant
49:17 Pikeman
50:13 Chain Mail Armor
51:41 Stone Shaft Mining
51:24 Halberdier
55:09 Plate Mail Armor
71:56 Siege Engineers
AxingQuestions
14:26 Feudal Age
15:20 Loom
18:35 Castle Age
16:49 Double-Bit Axe
17:16 Horse Collar
20:11 Bow Saw
20:38 Heavy Plow
22:07 Wheelbarrow
23:43 Hand Cart
24:13 Town Watch
26:24 Town Patrol
28:03 Gold Mining
29:25 Husbandry
30:14 Gold Shaft Mining
30:42 Bloodlines
31:31 Scale Barding Armor
34:00 Imperial Age
31:58 Forging
32:58 Chain Barding Armor
34:28 Iron Casting
34:22 Paiks
35:33 Plate Barding Armor
34:49 Fletching
35:15 Elite Battle Elephant
37:08 Blast Furnace
36:19 Stone Mining
37:20 Crop Rotation
37:29 Conscription
37:03 Treadmill Crane
37:19 Murder Holes
38:20 Bodkin Arrow
40:20 Masonry
41:52 Bracer
44:10 Two-Man Saw
52:36 Scale Mail Armor
52:54 Squires
52:17 Pikeman
53:09 Halberdier
55:36 Padded Archer Armor
55:52 Chain Mail Armor
56:17 Elite Skirmisher
61:26 Leather Archer Armor
65:31 Ring Archer Armor
burlapturtleneck
8:41 Loom
12:23 Feudal Age
19:42 Castle Age
20:52 Bloodlines
21:42 Husbandry
29:04 Scale Barding Armor
40:19 Imperial Age
42:08 Chemistry
41:38 Padded Archer Armor
42:09 Shatagni
42:42 Leather Archer Armor
47:36 Thumb Ring
47:23 Fletching
50:44 Ballistics
50:20 Bodkin Arrow
52:39 Wheelbarrow
61:26 Bracer
61:06 Light Cavalry
64:43 Chain Barding Armor
68:50 Horse Collar
70:43 Hand Cart
74:22 Forging
74:48 Plate Barding Armor
74:03 Town Watch
77:06 Coinage
78:19 Iron Casting
77:54 Hussar
91:37 Caravan
TROLLMYPOLE
11:04 Loom
13:39 Feudal Age
14:56 Horse Collar
26:04 Castle Age
25:31 Arson
29:55 Double-Bit Axe
44:05 Pikeman
46:01 Wheelbarrow
50:35 Wheelbarrow
52:11 Hand Cart
58:37 Imperial Age
57:45 Scale Mail Armor
58:05 Forging
61:30 Imperial Age
59:43 Chain Mail Armor
60:04 Iron Casting
59:51 First Crusade
60:32 Bow Saw
60:28 Heavy Plow
61:08 Fletching
61:19 Padded Archer Armor
62:04 Masonry
61:37 Elite Serjeant
61:51 Onager
61:51 Capped Ram
63:36 Plate Mail Armor
64:06 Blast Furnace
63:02 Bodkin Arrow
63:22 Leather Archer Armor
63:32 Ballistics
64:12 Chemistry
63:19 Siege Engineers
63:10 Murder Holes
63:02 Arrowslits
63:09 Elite Skirmisher
63:40 Siege Ram
65:24 Conscription
67:22 Bracer
68:50 Crossbowman
84:58 Halberdier
SpicyMcChicken
9:16 Loom
15:10 Feudal Age
22:38 Castle Age
21:54 Double-Bit Axe
27:00 Castle Age
28:38 Horse Collar
31:33 Pikeman
50:39 Imperial Age
51:34 Furor Celtica
58:48 Halberdier
60:50 Capped Ram
66:09 Heavy Scorpion
72:58 Onager
78:09 Siege Ram
81:44 Gold Mining
Connection lost

Rejoining the realm…

Still unreachable

The connection could not be restored.

Session expired

The server has moved on; the page needs a fresh start.